 Dungeon Crawl Stone Soup version 0.17-a0-18-gc25b939 (webtiles) character file.

226 Chiseanne the Covert (level 6, -4/41 HPs)
             Began as an Octopode Assassin on Mar 12, 2015.
             Slain by an ogre
             ... wielding a cursed -1 giant club
              (15 damage)
             ... on level 4 of the Dungeon.
             The game lasted 00:07:19 (2437 turns).

Chiseanne the Covert (Octopode Assassin)            Turns: 2437, Time: 00:07:19

Health: -4/41      AC:  6    Str: 12    XL:     6   Next: 1%
Magic:  6/6        EV: 13    Int: 13    God:
Gold:   113        SH:  0    Dex: 14    Spells: 0 memorised, 5 levels left

rFire  . . .     SeeInvis .     a - +1 short sword (protect)
rCold  . . .     Clarity  .     (no shield)
rNeg   . . .     SustAb   .     (helmet restricted)
rPois  .         Gourm    .     (no amulet)
rElec  .         Spirit   .     (no ring)
rCorr  .         Warding  .     (no ring)
rMut   .         Stasis   .     (no ring)
MR     .....                    (no ring)
Stlth  +++++.....               (no ring)
                                (no ring)
                                (no ring)
                                (no ring)

@: not resistant to hostile enchantments, quite stealthy
A: almost no armour, amphibious, 8 rings, constrict 8, camouflage 1, gelatinous
body 1
a: no special abilities


You were on level 4 of the Dungeon.
You were hungry.

You visited 1 branch of the dungeon, and saw 4 of its levels.

You collected 113 gold pieces.

Inventory:

Hand weapons
 a - a +1 short sword of protection (weapon)
 s - a +1 whip of venom
 w - a +0 blowgun
Missiles
 c - 6 needles of sleeping
 d - 33 bolts
 e - 7 poisoned needles
 f - a curare-tipped needle
 j - 48 arrows
Scrolls
 m - 2 scrolls of magic mapping
 n - 2 scrolls of remove curse
 r - a scroll of teleportation
Potions
 b - a potion of magic {unknown}
 i - a potion of might {unknown}
 l - a potion of restore abilities {unknown}
 p - a potion of curing {unknown}
 q - a potion of cancellation {unknown}
Comestibles
 g - 2 bread rations
 h - a beef jerky


   Skills:
 * Level 2.7 Fighting
 - Level 2.0 Short Blades
 - Level 2.0 Throwing
 * Level 2.6 Dodging
 * Level 8.6 Stealth


You had 5 spell levels left.
You didn't know any spells.

Dungeon Overview and Level Annotations

Branches:
Dungeon (4/15)
 Temple: D:4-7

Altars:
Trog


Innate Abilities, Weirdness & Mutations

You cannot wear most types of armour.
You are amphibious.
You can wear up to eight rings at the same time.
You can use your tentacles to constrict many enemies at once.
Your skin changes colour to match your surroundings (Stealth).
Your rubbery body absorbs attacks (AC +1).


Message History

Unknown command.
(D) Dungeon
Where to? (Enter - D:3, ? - help)
You see here a club.
There is a stone staircase leading down here.
You climb downwards.
A rat and an ogre come into view.
There is a stone staircase leading up here.
The helpless ogre fails to defend itself.
You impale the ogre!!
The ogre is almost dead.
The ogre hits you with a giant club!!
Ouch! That really hurt!
* * * LOW HITPOINT WARNING * * *
You barely miss the ogre. Your squeeze misses the ogre.
The ogre is almost dead.
You hit the ogre but do no damage.
The ogre is almost dead.
The ogre hits you with a giant club!
You die...

#######
#..O..#
#@..#
+<..+
#...#
+.r.+
#...#
#....
####.#
.# ..


You could see an ogre and a rat.

Vanquished Creatures
  An orc priest (D:3)
  Natasha (thrice) (D:3)
  7 adders
  A giant mite (D:2)
  4 worms
  10 orcs (D:3)
  4 giant cockroaches
  4 hobgoblins
  5 kobolds
  A quokka (D:3)
  9 bats
  3 giant geckos
  8 goblins
  5 rats
65 creatures vanquished.

Notes
Turn   | Place    | Note
--------------------------------------------------------------
     0 | D:1      | Chiseanne, the Octopode Assassin, began the quest for the Orb.
     0 | D:1      | Reached XP level 1. HP: 14/14 MP: 1/1
   239 | D:1      | Reached XP level 2. HP: 19/19 MP: 2/2
   479 | D:2      | Found a bloodstained altar of Trog.
   557 | D:2      | Reached skill level 6 in Stealth
   585 | D:2      | Reached XP level 3. HP: 20/25 MP: 3/3
   825 | D:2      | Reached skill level 7 in Stealth
  1019 | D:2      | Reached XP level 4. HP: 25/30 MP: 4/4
  1414 | D:3      | Noticed Natasha
  1430 | D:3      | Killed Natasha
  1431 | D:3      | Reached XP level 5. HP: 18/35 MP: 5/5
  1602 | D:3      | Reached skill level 8 in Stealth
  1931 | D:3      | Noticed Natasha
  1947 | D:3      | Killed Natasha
  2259 | D:3      | Noticed Natasha
  2264 | D:3      | Killed Natasha
  2264 | D:3      | Reached XP level 6. HP: 41/41 MP: 6/6
  2437 | D:4      | Slain by an ogre

Action                   |  1- 3 |  4- 6 || total
-------------------------+-------+-------++-------
Melee: Dagger            |    30 |       ||    30
       Whip              |     9 |    24 ||    33
       Short sword       |       |    54 ||    54
 Fire: Blowgun           |       |    12 ||    12
  Use: Scroll            |     5 |     3 ||     8
       Potion            |     1 |     1 ||     2
 Stab: Sleeping          |    12 |    13 ||    25
       Distracted        |       |     1 ||     1
  Eat: Chunk             |       |     4 ||     4
